 Dungeon Crawl Stone Soup version 0.27.0-1-g7a089689b8 (webtiles) character file.

Game seed: 16506419252323893318

259 ZARRMARR the Ruffian (level 5, -4/52 HPs)
             Began as a Troll Monk on Aug 4, 2021.
             Was an Initiate of Ru.
             Slain by Edmund (7 damage)
             ... on level 4 of the Dungeon.
             The game lasted 00:15:57 (2326 turns).

ZARRMARR the Ruffian (Troll Monk)                   Turns: 2326, Time: 00:15:58

Health: -4/52      AC:  4    Str: 19    XL:     5   Next: 95%
Magic:  4/4        EV: 10    Int:  6    God:    Ru [......]
Gold:   176        SH:  5    Dex: 13    Spells: 4/4 levels left

rFire    . . .     SeeInvis .   b - +0 club
rCold    . . .     Faith    .   (no shield)
rNeg     . . .     Spirit   .   a - +0 robe
rPois    .         Reflect  +   (helmet restricted)
rElec    .         Harm     .   (no cloak)
rCorr    .         Rampage  .   (gloves unavailable)
Will     .....                  (boots unavailable)
Stlth    ++........             d - amulet of reflection
HPRegen  1.17/turn              (no ring)
MPRegen  0.09/turn              (no ring)

@: no status effects
A: large, unfitting armour, claws 3, regeneration 1, shaggy fur 1, tough skin 1
a: Renounce Religion


You were on level 4 of the Dungeon.
You worshipped Ru.
Ru was noncommittal.
You visited 1 branch of the dungeon, and saw 4 of its levels.

You collected 176 gold pieces.

Inventory:

Hand Weapons
 b - a +0 club (weapon)
Missiles
 c - 65 stones
 g - 22 poisoned darts
 h - 2 boomerangs (quivered)
Armour
 a - a +0 robe (worn)
Jewellery
 d - an amulet of reflection (around neck)
Scrolls
 e - a scroll of identify
 i - a scroll of enchant weapon
 j - a scroll of noise
Potions
 f - 3 potions of curing


   Skills:
 + Level 2.8 Fighting
 + Level 1.5 Throwing
 + Level 3.1 Dodging
 + Level 1.4 Stealth
 + Level 1.0 Shields
 + Level 5.1 Unarmed Combat


You had 4 spell levels left.
You didn't know any spells.
Your spell library contained the following spells:

 Spells                   Type           Power      Damage    Failure   Level
 Magic Dart               Conj           0%         1d3       45%         1
 Sting                    Tmut/Pois      0%         1d3       45%         1
 Call Imp                 Summ           0%         N/A       58%         2
 Poisonous Vapours        Pois/Air       0%         N/A       58%         2
 Mephitic Cloud           Conj/Pois/Air  0%         N/A       83%         3
 Ozocubu's Armour         Ice            0%         N/A       83%         3
 Olgreb's Toxic Radiance  Pois           0%         N/A       99%         4
 Ozocubu's Refrigeration  Ice            0%         4d5       100%        7
 Chain Lightning          Conj/Air       0%         N/A       100%        9
 Fire Storm               Conj/Fire      0%         5d1       100%        9


Dungeon Overview and Level Annotations

Branches:
Dungeon (4/15)
 Temple: D:4-7

Altars:
Dithmenos
Hepliaklqana
Nemelex Xobeh
Ru
Sif Muna
Uskayaw

Annotations:
D:4 Edmund, Menkaure, Sigmund


Innate Abilities, Weirdness & Mutations

You are too large for most types of armour.
You have claws for hands.
Your natural rate of healing is unusually fast.
You are covered in fur. (AC +1)
You have tough skin. (AC +1)


Message History

Edmund the Younger comes into view.
He is wielding a +2 flail of holy wrath.
The helpless Edmund fails to defend himself.
You hit Edmund but do no damage.
Edmund hits you with a +2 flail of holy wrath!
Edmund closely misses you.
You barely miss Edmund. Edmund barely misses you.
You hit Edmund.
Edmund is lightly wounded.
Edmund hits you with a +2 flail of holy wrath.
You hit Edmund but do no damage.
Edmund is lightly wounded.
Edmund misses you.
Edmund hits you with a +2 flail of holy wrath!
You hit Edmund.
Edmund is lightly wounded.
Edmund asks, "Have you met my wondrous brother?"
Edmund hits you with a +2 flail of holy wrath!
You hit Edmund.
Edmund is moderately wounded.
Edmund grinds his teeth, and then sighs.
You block Edmund's attack.
You barely miss Edmund.
Edmund is moderately wounded.
Edmund hits you with a +2 flail of holy wrath!
Edmund completely misses you.
You hit Edmund but do no damage.
Edmund is moderately wounded.
Edmund hits you with a +2 flail of holy wrath!
* * * LOW HITPOINT WARNING * * *
You hit Edmund but do no damage.
Edmund is lightly wounded.
Edmund mutters, "Who needs spells, anyway?"
Edmund barely misses you.
You hit Edmund.
Edmund is moderately wounded.
Edmund hits you with a +2 flail of holy wrath!
* * * LOW HITPOINT WARNING * * *
Edmund gestures with his flail.
Edmund hits you with a +2 flail of holy wrath!
You die...

###......# #.#...##
#........# ##.##...#
........# #.####..#
.......# ##.# ##.#
#.....# #..# ###
#....# #.## #...#
##.# #[@#######..#
#..@.......##
#..........#
#..........#
##########.# #.# #.##
### #### #..######.#
##...####..##.....#
..#......##.......###


You could see Edmund.

Vanquished Creatures
  An orc priest (D:3)
  Natasha (thrice) (D:2)
  6 adders
  An adder skeleton (D:2)
  3 worms
  7 orcs (D:3)
  12 bats
  5 endoplasms
  4 giant cockroaches
  10 goblins
  3 hobgoblins
  8 jackals
  2 quokkas
  9 ball pythons
  3 frilled lizards
  3 kobolds
  5 rats
85 creatures vanquished.

Notes
Turn   | Place    | Note
-------+----------+-------------------------------------------
     0 | D:1      | ZARRMARR the Troll Monk began the quest for the Orb.
     0 | D:1      | Reached XP level 1. HP: 22/22 MP: 0/0
   145 | D:1      | Reached XP level 2. HP: 29/29 MP: 1/1
   451 | D:1      | Found a faded altar of an unknown god.
   510 | D:1      | Reached XP level 3. HP: 36/36 MP: 2/2
   693 | D:2      | Reached skill level 4 in Unarmed Combat
   807 | D:2      | Reached XP level 4. HP: 44/44 MP: 3/3
   839 | D:2      | Found a sparkling altar of Nemelex Xobeh.
   914 | D:2      | Noticed Natasha
   920 | D:2      | Killed Natasha
  1031 | D:2      | Noticed Natasha
  1036 | D:2      | Killed Natasha
  1037 | D:2      | Reached XP level 5. HP: 45/50 MP: 4/4
  1184 | D:2      | Noticed Natasha
  1192 | D:2      | Killed Natasha
  1598 | D:3      | Reached skill level 5 in Unarmed Combat
  1680 | D:3      | Reached skill level 1 in Throwing
  1746 | D:3      | Found a hazy altar of Hepliaklqana.
  1748 | D:3      | Found a hide-covered altar of Uskayaw.
  1749 | D:3      | Found a shadowy altar of Dithmenos.
  1753 | D:3      | Found a sacrificial altar of Ru.
  1753 | D:3      | Found a shimmering blue altar of Sif Muna.
  1770 | D:3      | Reached skill level 1 in Shields
  1791 | D:3      | Became a worshipper of Ru the Awakened
  2116 | D:4      | Noticed Sigmund
  2118 | D:4      | Noticed Menkaure
  2314 | D:4      | Noticed Edmund
  2325 | D:4      | HP: 2/52 [Edmund (8)]
  2326 | D:4      | Slain by Edmund

Illustrated notes

Levels and vault maps discovered:
D:1:      elethiomel_arrival_quiet, layout_loops_cross, basic_ecumenical_altar
D:2:      layout_rooms, basic_altar, uniq_natasha
D:3:      kennysheep_the_goblin_king, layout_basic, grunt_temple_overflow_open
D:4:      kennysheep_six_static_rooms, layout_cave_pods,
          chequers_ossuary_entry_cave, hangedman_decor_slide_cut, uniq_menkaure,
          uniq_sigmund, uniq_edmund

Skill      XL: |  1  2  3  4  5 |
---------------+----------------+-----
Unarmed Combat | 4 5 |  5.1
Dodging        | 3 |  3.1
Throwing       | 1 |  1.5
Shields        | 1 |  1.0
Fighting       | |  2.8
Stealth        | |  1.4

Action                   |  1- 3 |  4- 6 || total
-------------------------+-------+-------++-------
Melee: Unarmed           |    96 |    71 ||   167
       Club              |       |    11 ||    11
       Punch             |       |     2 ||     2
Throw: Stone             |     1 |     7 ||     8
       Boomerang         |       |    70 ||    70
       Dart              |       |    10 ||    10
Invok: Reject Sacrifices |       |     1 ||     1
  Use: Scroll            |     1 |     2 ||     3
 Stab: Sleeping          |     3 |     1 ||     4
Armor: Robe              |    29 |    24 ||    53
Dodge: Dodged            |    45 |    43 ||    88
Block: Other             |     9 |    17 ||    26
       Reflection        |       |     1 ||     1
